 Dungeon Crawl Stone Soup version 0.25.1-2-g60ff931df9 (webtiles) character file.

Game seed: 9749220005971506152

15201 DogServant the Unseen (level 11, -3/84 HPs)
             Began as a Vampire Enchanter on Oct 14, 2020.
             Was a High Priest of Kikubaaqudgha.
             Slain by a five-headed hydra (10 damage)
             ... on level 2 of the Lair of Beasts.
             The game lasted 01:02:14 (13992 turns).

DogServant the Unseen (Vampire Enchanter)          Turns: 13992, Time: 01:02:15

Health: -3/84      AC:  9    Str:  7    XL:     11   Next: 98%
Magic:  26/26      EV: 18    Int: 14    God:    Kikubaaqudgha [*****.]
Gold:   534        SH: 11    Dex: 25    Spells: 0/18 levels left

rFire    . . .     SeeInvis +   F - +2 quick blade of Baviba {flame, MR+++ MP+9 Int-3 Stlth-}
rCold    . . .     Gourm    .   m - +0 buckler
rNeg     . . .     Faith    .   o - +0 steam dragon scales
rPois    .         Spirit   .   (no helmet)
rElec    .         Reflect  +   C - +2 cloak
rCorr    .         Harm     .   (no gloves)
MR       ++++.                  d - +0 pair of boots
Stlth    ++++......             j - amulet of reflection
HPRegen  0.44/turn              v - ring of stealth
MPRegen  0.20/turn              y - +6 ring of dexterity

@: about to teleport, regenerating quickly, very slow
A: no food, fangs 3, see invisible, unbreathing
a: Exsanguinate, Receive Corpses, Torment, Renounce Religion


You were on level 2 of the Lair of Beasts.
You worshipped Kikubaaqudgha.
Kikubaaqudgha was extremely pleased with you.
You were alive.

You visited 3 branches of the dungeon, and saw 14 of its levels.

You collected 755 gold pieces.
You spent 221 gold pieces at shops.

Inventory:

Hand Weapons
 F - the +2 quick blade of Baviba (weapon) {flame, MR+++ MP+9 Int-3 Stlth-}
   (You acquired it on level 11 of the Dungeon)

   It has been specially enchanted to burn those struck by it, causing extra
   injury to most foes and up to half again as much damage against particularly
   susceptible opponents.
   It affects your intelligence (-3).
   It affects your resistance to hostile enchantments.
   It affects your magic capacity (+9).
   It makes you less stealthy.
Missiles
 c - 34 poisoned darts
 A - a throwing net (quivered)
Armour
 d - a +0 pair of boots (worn)
 m - a +0 buckler (worn)
 o - +0 steam dragon scales (worn)
 C - a +2 cloak (worn)
 I - a +2 robe of magic resistance
Jewellery
 j - an amulet of reflection (around neck)
 v - a ring of stealth (left hand)
 y - a +6 ring of dexterity (right hand)
 G - an uncursed ring of wizardry
Wands
 f - a wand of acid (9)
 r - a wand of enslavement (7)
 t - a wand of disintegration (11)
 D - a wand of iceblast (5)
Scrolls
 a - a scroll of identify
 e - 4 scrolls of immolation
 g - 2 scrolls of enchant weapon
 i - 5 scrolls of remove curse
 s - 2 scrolls of fog
 u - 6 scrolls of teleportation
Potions
 b - a potion of berserk rage
 h - a potion of curing
 k - a potion of resistance
 l - 4 potions of heal wounds
 n - a potion of mutation
 p - a potion of stabbing
 w - 2 potions of cancellation
 B - a potion of invisibility
 E - a potion of ambrosia
 H - a potion of brilliance
 J - 2 potions of haste {unknown}


   Skills:
 - Level 7.1 Fighting
 + Level 8.8 Short Blades
 + Level 6.0 Dodging
 - Level 16.0 Stealth
 - Level 4.0 Shields
 - Level 4.4 Spellcasting
 - Level 8.3 Hexes
 + Level 1.5 Charms
 - Level 8.0 Necromancy


You couldn't memorise any spells.
You knew the following spells:

 Your Spells              Type           Power        Failure   Level  Hunger
a - Corona                Hex            ####...      1%          1    N/A
b - Ensorcelled Hibernat  Hex/Ice        ##....       4%          2    N/A
c - Confusing Touch       Hex            ####....     1%          3    N/A
d - Tukima's Dance        Hex            ####....     1%          3    N/A
e - Animate Skeleton      Necr           N/A          1%          1    N/A
f - Vampiric Draining     Necr           ####......   1%          3    N/A
g - Excruciating Wounds   Chrm/Necr      ###.......   58%         5    N/A

Your spell library contained the following spells:

 Spells                   Type           Power        Failure   Level  Hunger
 Pain                     Necr           ####         1%          1    N/A
 Sublimation of Blood     Necr           ####......   1%          2    N/A
 Animate Dead             Necr           N/A          7%          4    N/A
 Dispel Undead            Necr           ####....     7%          4    N/A
 Dazzling Flash           Conj/Hex       ##....       10%         3    N/A
 Inner Flame              Hex/Fire       ##......     10%         3    N/A
 Foxfire                  Conj/Fire      #...         19%         1    N/A
 Conjure Flame            Conj/Fire      #.......     50%         3    N/A
 Recall                   Summ/Tloc      N/A          50%         3    N/A
 Borgnjor's Vile Clutch   Necr/Erth      ##........   69%         5    N/A
 Death Channel            Necr           ####......   71%         6    N/A
 Sticky Flame             Conj/Fire      #.......     88%         4    N/A
 Fireball                 Conj/Fire      #.........   99%         5    N/A
 Simulacrum               Ice/Necr       ##........   99%         6    N/A

Dungeon Overview and Level Annotations

Branches:
Dungeon (11/15)            Temple (1/1) D:5            Lair (2/6) D:10
  Snake (0/4) Lair:2          Orc (0/2) D:11
  Swamp: Lair:2-4    Shoals: Lair:2-4

Altars:
Ashenzari
Cheibriados
Dithmenos
Elyvilon
Fedhas
Gozag
Hepliaklqana
Kikubaaqudgha
Makhleb
Nemelex Xobeh
Okawaru
Qazlal
Ru
Sif Muna
Trog
Uskayaw
Vehumet
Wu Jian
Xom
Yredelemnul
Zin
The Shining One

Shops:
D:5 }

Annotations:
D:2 1 runed translucent door, Crazy Yiuf
D:3 3 runed translucent doors, mys's ghost, amateur OgHu


Innate Abilities, Weirdness & Mutations

You do not eat.
Your natural rate of healing is unusually fast.
You have razor-sharp teeth.
You have supernaturally acute eyesight. (SInv)
You can survive without breathing.


Message History

You block the swamp worm's attack.
Unknown command.
The swamp worm closely misses you.
The six-headed hydra closely misses you.
The six-headed hydra completely misses you.
The six-headed hydra bites you! The six-headed hydra bites you.
You block the six-headed hydra's attack. x2
The swamp worm closely misses you. The five-headed hydra bites you.
You block the five-headed hydra's attack.
The five-headed hydra misses you.
The five-headed hydra barely misses you.
The five-headed hydra bites you. The six-headed hydra misses you.
The six-headed hydra bites you but does no damage.
You block the six-headed hydra's attack.
The six-headed hydra bites you.
The six-headed hydra barely misses you. x2
You block the swamp worm's attack. The swamp worm bites you!!
* * * LOW HITPOINT WARNING * * *
The five-headed hydra bites you!
You die...
Kikubaaqudgha rasps: "You have failed me!
Welcome... death!"

..# ♣♣# ##....... ..#
#........ ..# ♣♣♣♣§ ♣♣#
###...... .P# ♣♣(..
♣♣P## ##...... .##
♣♣...♣♣♣♣...# #.......
#.#
♣...w≈≈≈♣♣..####......
#.##
♣♣≈≈≈≈≈≈≈♣♣.#.##......
.#.##
♣♣≈≈≈w≈≈≈≈♣..Z##.......
..#.#
♣...DD@≈≈≈♣....#.......
.(..##
♣♣..♣♣♣♣♣♣♣..#...#.....
.....## #♣.(.#
♣...Z...#.##.P
......####.#.##
##P#...###..##
........###..# ###.###
#### .....#..#.#.##
##.## ............#
##..# ..P..####..####
##..P# ....## ##....#
###...## ###


You could see a six-headed hydra, a five-headed hydra, a tyrant leech and a
swamp worm.

Vanquished Creatures
  Erolcha (D:11)
  A hydra (Lair:1)
  A two-headed ogre (D:9)
  Maggie (D:9)
  A spiny frog (Lair:1)
  A komodo dragon (Lair:2)
  A troll (D:10)
  6 hippogriffs
  11 yaks
  A vampire (D:11)
  A steam dragon (D:7)
  Menkaure (D:5)
  2 hungry ghosts
  A swamp worm (Lair:2)
  5 nagas (Lair:2)
  3 water moccasins (Lair:1)
  3 porcupines
  2 phantoms (D:7)
  5 orc warriors
  3 sky beasts
  2 hornet zombies (D:9)
  9 ice beasts
  A necrophage (D:9)
  2 black bears
  3 ogres
  7 centaurs
  5 crocodiles
  15 bullfrogs
  A water moccasin zombie (D:10)
  4 scorpions
  5 killer bees (D:8)
  5 wights (D:11)
  2 howler monkeys
  7 crimson imps
  3 bullfrog zombies
  A centaur skeleton (D:8)
  10 orc priests
  3 bullfrog skeletons
  2 centaur zombies
  5 hounds
  A gnoll shaman (D:7)
  5 jellies
  10 orc wizards
  2 iguanas
  8 worker ants
  A killer bee zombie (D:7)
  3 hound skeletons
  8 adders
  10 gnolls
  6 shadow imps
  An adder skeleton (D:8)
  4 worms
  4 leopard geckos
  44 orcs
  A ball python (D:3)
  6 bats
  7 giant cockroaches
  9 goblins
  7 hobgoblins
  9 jackals
  5 quokkas
  3 frilled lizards
  10 kobolds
  A quokka zombie (D:6)
  6 rats
314 creatures vanquished.

Vanquished Creatures (collateral kills)
  A sky beast (D:9)
  An orc warrior (D:9)
  3 ogres
  A bullfrog (D:9)
  3 orcs
9 creatures vanquished.

Vanquished Creatures (others)
  A swamp worm (Lair:2)
  4 fungi (D:10)
  A plant (D:10)
6 creatures vanquished.

Grand Total: 329 creatures vanquished

Notes
Turn   | Place    | Note
-------+----------+-------------------------------------------
     0 | D:1      | DogServant the Vampire Enchanter began the quest for the
                  | Orb.
     0 | D:1      | Reached XP level 1. HP: 13/13 MP: 3/3
   217 | D:1      | Reached XP level 2. HP: 17/19 MP: 0/5
   370 | D:1      | Learned a level 2 spell: Ensorcelled Hibernation
   484 | D:1      | Reached skill level 5 in Stealth
   875 | D:2      | Reached skill level 5 in Hexes
   895 | D:2      | Found a runed translucent door.
   896 | D:2      | Noticed Crazy Yiuf
   983 | D:2      | Found a glowing golden altar of the Shining One.
   990 | D:2      | Reached XP level 3. HP: 25/25 MP: 6/6
  1089 | D:2      | Learned a level 3 spell: Confusing Touch
  1220 | D:2      | Found a faded altar of an unknown god.
  1270 | D:2      | Reached skill level 1 in Fighting
  1476 | D:2      | Reached XP level 4. HP: 32/32 MP: 7/7
  1673 | D:3      | Found a runed translucent gate.
  1673 | D:3      | Found a runed translucent gate.
  1673 | D:3      | Found a runed translucent gate.
  1673 | D:3      | Noticed mys's ghost (amateur OgHu)
  1677 | D:3      | Noticed a centaur
  1731 | D:3      | Noticed an orc warrior
  1879 | D:3      | Reached skill level 6 in Stealth
  1907 | D:3      | Reached skill level 1 in Shields
  1907 | D:3      | Reached XP level 5. HP: 32/37 MP: 0/8
  3711 | D:4      | Found a basalt altar of Yredelemnul.
  3723 | D:4      | Reached skill level 7 in Stealth
  3747 | D:4      | Reached XP level 6. HP: 37/38 MP: 5/9
  3974 | D:4      | Identified the cursed +0 leather armour of Vanity {Regen+
                  | Int+2}
  4153 | D:5      | Entered Level 5 of the Dungeon
  4397 | D:5      | Noticed a sky beast
  4404 | D:5      | Killed a sky beast
  4404 | D:5      | Reached skill level 8 in Stealth
  4452 | D:5      | Noticed Menkaure
  4466 | D:5      | Killed Menkaure
  4466 | D:5      | Reached XP level 7. HP: 31/38 MP: 3/10
  4666 | D:5      | Found a staircase to the Ecumenical Temple.
  4677 | Temple   | Entered the Ecumenical Temple
  4684 | Temple   | Became a worshipper of Kikubaaqudgha
  4731 | D:5      | Found Oko Seu's Gadget Shop.
  4734 | D:5      | Bought a wand of disintegration (13) for 221 gold pieces
  4981 | D:5      | Learned a level 3 spell: Tukima's Dance
  5261 | D:6      | Reached skill level 9 in Stealth
  5297 | D:6      | Reached skill level 5 in Short Blades
  5469 | D:6      | Reached skill level 10 in Stealth
  5515 | D:6      | Reached XP level 8. HP: 45/48 MP: 6/11
  5910 | D:6      | Reached skill level 11 in Stealth
  6587 | D:7      | Reached * piety under Kikubaaqudgha
  6587 | D:7      | Identified Kikubaaqudgha's Handbook of Black Rituals
                  | (Kikubaaqudgha gifted it to you on level 7 of the Dungeon)
  6587 | D:7      | Received a gift from Kikubaaqudgha
  6688 | D:7      | Noticed a hippogriff
  6690 | D:7      | Killed a hippogriff
  6690 | D:7      | Reached skill level 1 in Necromancy
  6726 | D:7      | Reached XP level 9. HP: 45/59 MP: 3/12
  6828 | D:7      | Found a shadowy altar of Dithmenos.
  6858 | D:7      | Reached skill level 12 in Stealth
  7254 | D:7      | Learned a level 1 spell: Animate Skeleton
  8148 | D:8      | Reached skill level 13 in Stealth
  8210 | D:8      | Reached ** piety under Kikubaaqudgha
  8647 | D:9      | Noticed Maggie
  8652 | D:9      | Reached skill level 5 in Necromancy
  8652 | D:9      | Reached XP level 10. HP: 64/64 MP: 13/13
  8659 | D:9      | Learned a level 3 spell: Vampiric Draining
  8697 | D:9      | HP: 2/64 [Maggie/+1 halberd of flaming (2)]
  8700 | D:9      | Killed Maggie
  9070 | D:9      | Found a blossoming altar of Fedhas.
  9079 | D:9      | Found an ornate altar of the Wu Jian Council.
  9631 | D:9      | Reached skill level 5 in Fighting
  9631 | D:9      | Reached skill level 14 in Stealth
  9951 | D:9      | Noticed a two-headed ogre
  9963 | D:9      | Killed a two-headed ogre
 10124 | D:9      | Found a hazy altar of Hepliaklqana.
 10187 | D:10     | Entered Level 10 of the Dungeon
 10323 | D:10     | Reached *** piety under Kikubaaqudgha
 10323 | D:10     | Identified Kikubaaqudgha's Catalogue of Stolen Souls
                  | (Kikubaaqudgha gifted it to you on level 10 of the Dungeon)
 10323 | D:10     | Received a gift from Kikubaaqudgha
 10791 | D:10     | Reached skill level 15 in Stealth
 11223 | D:10     | Found a staircase to the Lair.
 11226 | D:10     | Reached XP level 11. HP: 83/83 MP: 14/14
 11330 | D:11     | Noticed Erolcha
 11332 | D:11     | Killed Erolcha
 11513 | D:11     | Identified a scroll of acquirement
 11513 | D:11     | Acquired the +2 quick blade of Baviba {flame, MR+++ MP+9
                  | Int-3 Stlth-}
 11520 | D:11     | Found a gate leading to a gauntlet.
 11531 | D:11     | Reached **** piety under Kikubaaqudgha
 11637 | D:11     | Found a staircase to the Orcish Mines.
 12151 | D:11     | Noticed a frost giant
 12152 | D:11     | Found the +8 frozen axe "Frostbite" {freezing cloud, *Noise
                  | +Fly rC+}
 12232 | Lair:1   | Entered Level 1 of the Lair of Beasts
 12466 | Lair:1   | Noticed a five-headed hydra
 12470 | Lair:1   | Killed a five-headed hydra
 12470 | Lair:1   | Reached skill level 16 in Stealth
 12516 | Lair:1   | Found a frozen archway.
 12657 | Lair:1   | Reached skill level 5 in Dodging
 13373 | Lair:2   | Found a staircase to the Snake Pit.
 13437 | Lair:2   | Learned a level 5 spell: Excruciating Wounds
 13639 | Lair:2   | Reached ***** piety under Kikubaaqudgha
 13645 | Lair:2   | Reached skill level 1 in Charms
 13983 | Lair:2   | Noticed a six-headed hydra
 13984 | Lair:2   | Noticed a five-headed hydra
 13992 | Lair:2   | Slain by a five-headed hydra

Illustrated notes

Levels and vault maps discovered:
D:1:      psy_arrival_basics, layout_basic, serial_bayou_pond_e,
          wander_ebering_terrifying_dragon_lair
D:2:      layout_basic, lemuel_coloured_pillars_altar,
          chequers_ecumenical_altar_island, minmay_diced_spiral,
          uniq_crazy_yiuf_cottage
D:3:      layout_loops_ring, gammafunk_ghost_split
D:4:      layout_cave_pools, first_ration, yredelemnul_altar_generic
D:5:      layout_basic, minmay_temple_entry_statues_pillars, serial_shops,
          kennysheep_mini, uniq_menkaure
D:6:      minmay_general_purpose_star, layout_basic
D:7:      layout_loops_cross, grunt_dithmenos_shadows
D:8:      layout_rooms
D:9:      layout_basic, nicolae_overflow_hidden_temple, marbit_many_paths,
          uniq_maggie
D:10:     layout_loops_cross, grunt_lair_entry_orc_guard_hut, enter_bailey_3
D:11:     minmay_coctagon, layout_basic, hiddenorc2_lemuel,
          gauntlet_entry_generic, minmay_misc_feat_alley, uniq_maurice,
          uniq_erolcha
Temple:   nicolae_temple_no_exploring_needed
Lair:1:   layout_roguey, portal_ice_cave_entry_ice_beasts, minivault_24
Lair:2:   dpeg_oklob_shooting_range, layout_cave_pods, palyth_hydra_swamp_entry,
          minmay_snake_entry_guardpost_medium

Skill      XL: |  1  2  3  4  5  6  7  8  9 10 11 |
---------------+----------------------------------+-----
Stealth        | 5 6 7 8 10 11 13 15 16 | 16.0
Hexes          | 5 6 7 8 |  8.3
Fighting       | 1 4 6 7 |  7.1
Shields        | 1 2 4 |  4.0
Short Blades   | 2 4 5 6 7 8 |  8.8
Necromancy     | 1 5 7 8 |  8.0
Dodging        | 6 |  6.0
Spellcasting   | 4 |  4.4
Charms         | 1 |  1.5

Action                   |  1- 3 |  4- 6 |  7- 9 | 10-12 || total
-------------------------+-------+-------+-------+-------++-------
Melee: Dagger            |   156 |   230 |   487 |   384 ||  1257
       Bite              |     7 |    21 |    72 |   114 ||   214
       Quick blade       |       |       |       |   424 ||   424
Throw: Dart              |       |       |     1 |       ||     1
 Cast: Corona            |    18 |       |     1 |       ||    19
       Ensorcelled Hiber |     8 |    14 |       |     1 ||    23
       Confusing Touch   |     2 |    26 |    50 |    64 ||   142
       Tukima's Dance    |       |       |     3 |    16 ||    19
       Animate Skeleton  |       |       |       |     4 ||     4
 Abil: Exsanguinate      |       |     2 |     1 |       ||     3
       Revivify          |       |     1 |     2 |       ||     3
       End Transformatio |       |     1 |       |       ||     1
       Bat Form          |       |     1 |       |       ||     1
Evoke: Wand              |       |       |       |     3 ||     3
  Use: Scroll            |     1 |     6 |     6 |     8 ||    21
       Potion            |       |     3 |       |     1 ||     4
 Stab: Sleeping          |    14 |     8 |    16 |    25 ||    63
       Distracted        |     1 |       |     2 |     5 ||     8
       Confused          |     2 |    14 |    36 |    61 ||   113
Armor: Robe              |    31 |    50 |    53 |    33 ||   167
       Steam dragon scal |       |       |       |    36 ||    36
Dodge: Dodged            |    75 |   191 |   162 |   184 ||   612
Block: Other             |       |    13 |    19 |       ||    32
       Reflection        |       |     1 |     3 |     7 ||    11
       Buckler           |       |       |   132 |   245 ||   377
